 Dungeon Crawl Stone Soup version 0.19.4 (webtiles) character file.

14015 Naow the Destroyer (level 11, -14/54 HPs)
             Began as a Deep Elf Conjurer on Jan 30, 2017.
             Was a Believer of Ashenzari.
             Demolished by a slime creature (21 damage)
             ... on level 10 of the Dungeon.
             The game lasted 00:33:38 (13807 turns).

Naow the Destroyer (Deep Elf Conjurer)             Turns: 13807, Time: 00:33:38

Health: -14/54     AC:  9    Str:  5    XL:     11   Next: 83%
Magic:  1/29       EV: 18    Int: 24    God:    Ashenzari [**....]
Gold:   676        SH:  6    Dex: 15    Spells: 7 memorised, 14 levels left

rFire  . . .     SeeInvis .     G - +0 short sword (curse)
rCold  . . .     Gourm    .     H - +0 robe (curse)
rNeg   . . .     Faith    .     S - +0 buckler (curse)
rPois  +         Spirit   .     g - +1 hat (curse)
rElec  .         Reflect  .     z - +1 cloak {rPois} (curse)
rCorr  .         Harm     .     (no gloves)
MR     +....                    (no boots)
Stlth  ++........               (no amulet)
                                s - ring of wizardry (curse)
                                i - +4 ring of protection (curse)

@: repel missiles
A: no striking features
a: Curse Item, Scrying, Renounce Religion


You were on level 10 of the Dungeon.
You worshipped Ashenzari.
Ashenzari was pleased with you.
You were hungry.

You visited 2 branches of the dungeon, and saw 12 of its levels.
You also visited: Ossuary.

You collected 676 gold pieces.

Inventory:

Hand Weapons
 G - a cursed +0 short sword (weapon)
Armour
 g - a cursed +1 hat (worn)
 z - a cursed +1 cloak of poison resistance (worn)
 H - a cursed +0 robe (worn)
 S - a cursed +0 buckler (worn)
Magical Staves
 K - an uncursed staff of fire
Rods
 X - a -3 rod of shadows (9/9)
   (You found it on level 9 of the Dungeon)
Jewellery
 h - an uncursed ring of ice
 i - a cursed +4 ring of protection (left hand)
 j - an uncursed ring of positive energy
 s - a cursed ring of wizardry (right hand)
 A - an uncursed ring of protection from cold
 T - an uncursed ring of protection from cold
Wands
 a - a wand of confusion (27/48)
 r - a wand of slowing (35/48)
 U - a wand of confusion (34/48)
Scrolls
 e - 2 scrolls of enchant armour
 k - a scroll of identify
 m - a scroll of fear {unknown}
 n - 2 scrolls of teleportation
 t - 2 scrolls of remove curse
 v - a scroll of silence
 w - 4 scrolls of enchant weapon {unknown}
 y - a scroll of noise {unknown}
 J - a scroll of recharging {unknown}
 O - 2 scrolls of amnesia {unknown}
 V - a scroll of summoning {unknown}
 Z - a scroll of blinking {unknown}
Potions
 d - 2 potions of curing
 o - 4 potions of heal wounds
 p - 2 potions of cure mutation
 q - 2 potions of flight
 u - 2 potions of magic {unknown}
 x - a potion of beneficial mutation {unknown}
 B - 4 potions of degeneration
 D - a potion of haste
 E - a potion of might
 F - 2 potions of cancellation
 M - 2 potions of ambrosia
 P - a potion of mutation {unknown}
 Y - a potion of brilliance {unknown}
Books
 b - a book of Conjurations

   Spells                             Type                      Level
   a - Magic Dart                     Conjuration                  1
   b - Searing Ray                    Conjuration                  2
   c - Dazzling Spray                 Conjuration/Hexes            3
   d - Fulminant Prism                Conjuration/Hexes            4
   e - Iskenderun's Mystic Blast      Conjuration                  4
   f - Iskenderun's Battlesphere      Conjuration/Charms           5
 l - a book of Callings

   Spells                             Type                      Level
   a - Summon Small Mammal            Summoning                    1
   b - Call Imp                       Summoning                    2
   c - Call Canine Familiar           Summoning                    3
   d - Summon Guardian Golem          Hexes/Summoning              3
   e - Summon Lightning Spire         Summoning/Air                4
   f - Summon Ice Beast               Ice/Summoning                4
 I - a book of Air

   Spells                             Type                      Level
   a - Shock                          Conjuration/Air              1
   b - Swiftness                      Charms/Air                   2
   c - Repel Missiles                 Charms/Air                   2
   d - Static Discharge               Conjuration/Air              3
   e - Lightning Bolt                 Conjuration/Air              5
Comestibles
 c - 6 bread rations
 f - 2 meat rations
 C - 4 beef jerkies
 N - 9 royal jellies
 Q - 3 fruits


   Skills:
 - Level 7.8(9.3) Dodging
 - Level 2.4(3.6) Stealth
 - Level 5.0(6.4) Shields
 + Level 12.2 Spellcasting
 + Level 13.9(15.1) Conjurations
 - Level 6.4(7.9) Charms
 * Level 5.6(7.1) Summonings


You had 14 spell levels left.
You knew the following spells:

 Your Spells              Type           Power        Failure   Level  Hunger
a - Magic Dart            Conj           ####         0%          1    None
b - Searing Ray           Conj           ######       0%          2    None
c - Iskenderun's Battles  Conj/Chrm      ######..     1%          5    ###....
d - Iskenderun's Mystic   Conj           ######..     1%          4    None
e - Summon Lightning Spi  Summ/Air       ####....     4%          4    None
f - Repel Missiles        Chrm/Air       ####..       1%          2    None
g - Swiftness             Chrm/Air       ####....     1%          2    None


Dungeon Overview and Level Annotations

Branches:
Dungeon (11/15)            Temple (0/1) D:5            Lair (0/6) D:10
    Orc (1/2) D:9

Altars:
Ashenzari
Dithmenos
Qazlal
Ru
Sif Muna
Uskayaw
Xom

Shops:
D:7 (   D:8 }   D:9 [


Message History

You hit the slime creature.
The slime creature is severely wounded.
The slime creature hits you but does no damage.
The slime creature misses you.
You barely miss the slime creature.
The slime creature is severely wounded.
The slime creature hits you!
* * * LOW HITPOINT WARNING * * *
The slime creature hits you!
* * * LOW HITPOINT WARNING * * *
Casting: Magic Dart
Confirm with . or Enter, or press ? or * to list all spells.
Aiming: Searing Ray
Press: ? - help, Shift-Dir - straight line, f - slime creature
Aim: a slime creature (heavily wounded)
The searing ray hits the slime creature.
The slime creature is heavily wounded. (Press . to maintain the ray.)
The slime creature hits you!!
You die...

##.##.##.# #.# #
#.##.##.###.#### *,
#.##.##........# ,
#.##.######.##.## *
.##.######[#...## *
.......([)....######
* * * , ,,
..#####.............
* #####.............
,* * #...>.....@..#
* , #.###....JJ..#
#.# ####....)# , #.#
####..# ,* #.# ..# *
#Y#** *..# * #...#*
*..#* * #......,,
...,, ,* #...##.YY,
..##, ,,


You could see 2 slime creatures.

Vanquished Creatures
  Gastronok (D:8)
  The ghost of Jerry the Grappler, a novice TrMo (D:9)
  An unseen horror (D:10)
  Pikel (D:6)
  The ghost of Naow the Infuser, a novice DECj of Vehumet (D:8)
  Joseph (D:9)
  A kobold demonologist (D:11)
  A hornet (shapeshifter) (D:9)
  Grinder (D:4)
  2 hippogriffs
  13 yaks
  Sigmund (D:2)
  A wraith (D:8)
  Eustachio (D:4)
  The ghost of cba the Sneak, an amateur OpAs (D:3)
  Edmund (D:6)
  2 wargs (D:9)
  3 soldier ants (D:10)
  A water moccasin (D:7)
  An ice beast (D:6)
  4 orc warriors
  4 slaves (D:6)
  An eye of draining (D:9)
  A phantom (D:7)
  3 ogres
  6 sky beasts
  2 centaurs
  2 big kobolds
  10 bullfrogs
  A wyvern zombie (D:9)
  A gnoll sergeant (D:5)
  3 scorpions
  3 killer bees (D:8)
  10 wights
  3 howler monkeys (D:9)
  2 crimson imps
  2 centaur zombies
  2 jellies
  5 hounds
  2 gnoll shamans
  6 orc priests
  Crazy Yiuf (D:3)
  A human zombie (Ossuary)
  2 bullfrog skeletons
  4 iguanas
  Natasha (D:2)
  5 orc wizards
  7 worker ants
  A big kobold zombie (Ossuary)
  4 mummies (Ossuary)
  2 hound skeletons
  A worker ant zombie (D:7)
  Robin (D:2)
  A howler monkey skeleton (D:4)
  22 gnolls
  11 adders
  5 shadow imps
  An ooze (D:3)
  An adder zombie (Ossuary)
  2 adder skeletons
  A worm (D:3)
  4 dart slugs
  4 leopard geckos
  32 orcs
  3 ball pythons
  3 giant cockroaches
  16 goblins
  7 hobgoblins
  18 jackals
  9 kobolds
  8 quokkas
  11 bats
  A frilled lizard (D:2)
  3 goblin zombies (Ossuary)
  2 hobgoblin zombies (Ossuary)
  An orc zombie (Ossuary)
  10 rats
  3 rat zombies (Ossuary)
318 creatures vanquished.

Vanquished Creatures (collateral kills)
  2 slime creatures (D:10)
  A yak (D:10)
  A gnoll (D:10)
4 creatures vanquished.

Grand Total: 322 creatures vanquished

Notes
Turn   | Place    | Note
-------+----------+-------------------------------------------
     0 | D:1      | Naow the Deep Elf Conjurer began the quest for the Orb.
     0 | D:1      | Reached XP level 1. HP: 10/10 MP: 6/6
     3 | D:1      | Noticed an electric eel
     3 | D:1      | Noticed an electric eel
   226 | D:1      | Reached XP level 2. HP: 15/15 MP: 6/8
   561 | D:1      | Reached skill level 5 in Conjurations
   597 | D:1      | Found a shattered altar of Ashenzari.
   885 | D:1      | Became a worshipper of Ashenzari the Shackled
   928 | D:2      | Noticed Robin
   931 | D:2      | Learned a level 2 spell: Searing Ray
  1014 | D:2      | Killed Robin
  1014 | D:2      | Reached XP level 3. HP: 10/19 MP: 5/10
  1526 | D:2      | Reached XP level 4. HP: 24/24 MP: 10/12
  1584 | D:2      | Noticed Sigmund
  1597 | D:2      | Killed Sigmund
  1597 | D:2      | Reached skill level 5 in Spellcasting
  1597 | D:2      | Reached skill level 6 in Conjurations
  1597 | D:2      | Reached XP level 5. HP: 16/28 MP: 4/14
  1729 | D:2      | Learned a level 5 spell: Iskenderun's Battlesphere
  1734 | D:2      | Learned a level 4 spell: Iskenderun's Mystic Blast
  1963 | D:2      | Noticed Natasha
  1969 | D:2      | Killed Natasha
  1969 | D:2      | Reached skill level 7 in Conjurations
  2200 | D:3      | Found a shimmering altar of Xom.
  2203 | D:3      | Found a deep blue altar of Sif Muna.
  2206 | D:3      | Found a sacrificial altar of Ru.
  2235 | D:3      | Reached XP level 6. HP: 30/32 MP: 3/15
  2383 | D:3      | Reached skill level 1 in Charms
  2449 | D:3      | Noticed cba's ghost (amateur OpAs)
  2457 | D:3      | Killed cba's ghost
  3138 | D:3      | Found a runed door.
  3521 | D:3      | Reached XP level 7. HP: 36/36 MP: 12/17
  3589 | D:3      | Noticed Crazy Yiuf
  3592 | D:3      | Killed Crazy Yiuf
  3661 | D:4      | Reached skill level 8 in Conjurations
  3737 | D:4      | Noticed Eustachio
  3744 | D:4      | Killed Eustachio
  3844 | D:4      | Found a sand-covered staircase.
  3859 | D:4      | Noticed Grinder
  3864 | D:4      | Paralysed by Grinder for 2 turns
  3868 | D:4      | Killed Grinder
  3872 | Ossuary  | Entered an ossuary
  3910 | Ossuary  | Reached skill level 9 in Conjurations
  4074 | Ossuary  | Reached XP level 8. HP: 41/41 MP: 14/20
  4642 | D:4      | Found a stormy altar of Qazlal.
  4688 | D:4      | Reached skill level 5 in Charms
  4721 | D:5      | Entered Level 5 of the Dungeon
  5585 | D:5      | Found a staircase to the Ecumenical Temple.
  5773 | D:6      | Reached skill level 10 in Conjurations
  5964 | D:6      | Reached * piety under Ashenzari
  6040 | D:6      | Noticed Edmund
  6047 | D:6      | Killed Edmund
  6202 | D:6      | Reached XP level 9. HP: 45/45 MP: 18/23
  6516 | D:6      | Noticed Pikel
  6530 | D:6      | Killed Pikel
  6530 | D:6      | Reached skill level 11 in Conjurations
  7195 | D:7      | Reached skill level 5 in Dodging
  7753 | D:7      | Found a shattered altar of Ashenzari.
  7989 | D:7      | Reached skill level 12 in Conjurations
  8065 | D:7      | Found Weudaci's Weapon Shop.
  8301 | D:8      | Reached ** piety under Ashenzari
  8393 | D:8      | Found Jaheedo's Gadget Emporium.
  8417 | D:8      | Noticed Gastronok
  8429 | D:8      | Killed Gastronok
  8429 | D:8      | Reached skill level 10 in Spellcasting
  8429 | D:8      | Reached XP level 10. HP: 18/50 MP: 1/26
  8639 | D:8      | Noticed Naow's ghost (novice DECj)
  8651 | D:8      | Killed Naow's ghost
  8658 | D:8      | Reached skill level 13 in Conjurations
  9035 | D:8      | Found a hide-covered altar of Uskayaw.
 10120 | D:9      | Noticed Jerry's ghost (novice TrMo)
 10383 | D:9      | Reached skill level 1 in Shields
 10580 | D:8      | Reached XP level 11. HP: 37/54 MP: 5/28
 10896 | D:9      | Found Qalup's Antique Armour Shop.
 11044 | D:9      | Noticed Joseph
 11052 | D:9      | Killed Joseph
 11397 | D:9      | Killed Jerry's ghost
 11397 | D:9      | Reached skill level 5 in Shields
 11958 | D:9      | Found a staircase to the Orcish Mines.
 11969 | D:9      | Learned a level 4 spell: Summon Lightning Spire
 12164 | Orc:1    | Entered Level 1 of the Orcish Mines
 12164 | Orc:1    | Noticed an orc knight
 12285 | D:10     | Entered Level 10 of the Dungeon
 12295 | D:10     | Reached skill level 1 in Summonings
 12629 | D:10     | Found a staircase to the Lair.
 12685 | D:10     | Found a shadowy altar of Dithmenos.
 12780 | D:10     | Learned a level 2 spell: Repel Missiles
 12783 | D:10     | Learned a level 2 spell: Swiftness
 12852 | D:10     | Killed an unseen horror
 13789 | D:10     | Reached skill level 5 in Summonings
 13793 | D:10     | Identified the +11 morningstar "Elf's Bane" {freeze, Stlth+} (You took it off a gnoll on level 10 of the Dungeon)
 13807 | D:10     | Demolished by a slime creature

Skill      XL: |  1  2  3  4  5  6  7  8  9 10 11 |
---------------+----------------------------------+-----
Conjurations   | 5 6 7 9 10 12 13 | 13.9
Spellcasting   | 4 5 6 8 10 11 12 | 12.2
Charms         | 3 4 6 |  6.4
Dodging        | 3 6 7 |  7.8
Shields        | 2 5 |  5.0
Summonings     | 5 |  5.6
Stealth        | |  2.4

Action                   |  1- 3 |  4- 6 |  7- 9 | 10-12 || total
-------------------------+-------+-------+-------+-------++-------
Melee: Unarmed           |     1 |     3 |    44 |       ||    48
       Short sword       |       |       |       |    61 ||    61
 Cast: Magic Dart        |    49 |   108 |   244 |   202 ||   603
       Searing Ray       |     4 |     7 |    38 |    38 ||    87
       Iskenderun's Batt |       |       |     8 |    22 ||    30
       Iskenderun's Myst |       |       |     8 |    47 ||    55
       Repel Missiles    |       |       |       |     1 ||     1
       Swiftness         |       |       |       |     1 ||     1
       Summon Lightning  |       |       |       |     1 ||     1
Invok: Curse Item        |       |       |     4 |     1 ||     5
  Use: Potion            |       |       |     3 |       ||     3
       Scroll            |       |       |       |    11 ||    11
  Eat: Chunk             |     2 |     6 |    16 |    17 ||    41
       Fruit             |       |       |       |     1 ||     1
       Pizza             |       |       |       |     1 ||     1
Armor: Robe              |    10 |    10 |    40 |    44 ||   104
       Skin              |       |       |    67 |       ||    67
Dodge: Dodged            |    14 |    13 |    76 |   161 ||   264
Block: Buckler           |       |       |       |    18 ||    18
